 Dungeon Crawl Stone Soup version 0.29-a0-1006-g0dd7720b37 (webtiles) character file.

Game seed: 8249170435199624328

474 concernfroge the Trooper (level 6, -3/56 HPs)
             Began as a Mummy Monk on Aug 6, 2022.
             Slain by a killer bee (8 damage)
             ... on level 7 of the Dungeon.
             The game lasted 00:11:33 (4168 turns).

concernfroge the Trooper (Mummy Monk)               Turns: 4168, Time: 00:11:33

Health: -3/56      AC:  9    Str: 16    XL:     6   Next: 84%
Magic:  6/6        EV: 11    Int:  9    God:
Gold:   258        SH:  0    Dex: 15    Spells: 5/5 levels left

rFire   x . .      SeeInvis .   o - +2 whip (elec)
rCold   + . .      Faith    .   (no shield)
rNeg    + + +      Spirit   .   c - +0 chain mail
rPois   ∞          Reflect  .   m - +0 helmet
rElec   .          Harm     .   (no cloak)
rCorr   .          Rampage  .   (no gloves)
Will    .....                   (no boots)
Stlth   ..........              l - amulet of the acrobat
HPRegen 0.18/turn               i - +4 ring of evasion
MPRegen 0.10/turn               (no ring)

@: no status effects
A: cold resistance 1, negative energy resistance 3, torment resistance 2, heat
vulnerability 1, in touch with death 1, no potions
a: no special abilities


You were on level 7 of the Dungeon.
You visited 1 branch of the dungeon, and saw 5 of its levels.

You collected 258 gold pieces.

Inventory:

Hand Weapons
 a - a +0 spear
 j - a +0 short sword of electrocution
 o - a +2 whip of electrocution (weapon)
Missiles
 q - 4 javelins (quivered)
Armour
 c - a +0 chain mail (worn)
 m - a +0 helmet (worn)
Jewellery
 b - a ring of wizardry
 i - a +4 ring of evasion (left hand)
 l - an amulet of the acrobat (around neck)
Wands
 p - a wand of digging (4)
Scrolls
 d - a scroll of immolation
 g - a scroll of teleportation
 h - a scroll of silence


   Skills:
 + Level 7.8 Fighting
 - Level 2.4 Polearms
 - Level 2.4 Dodging
 - Level 1.5 Stealth


You had 5 spell levels left.
You didn't know any spells.
Your spell library contained the following spells:

 Spells                   Type           Power      Damage    Failure   Level
 Gell's Gravitas          Tloc           0%         N/A       100%        3
 Teleport Other           Tloc           0%         N/A       100%        3
 Dispersal                Tloc           0%         N/A       100%        6


Dungeon Overview and Level Annotations

Branches:
Dungeon (7/15)
 Temple: D:4-7

Altars:
Ashenzari
Kikubaaqudgha

Annotations:
D:4 Dowan


Innate Abilities, Weirdness & Mutations

You are immune to poison.
Your flesh is cold resistant. (rC+)
You are immune to negative energy. (rN+++)
You are immune to unholy pain and torment.
You are vulnerable to heat. (rF-)
You are in touch with the powers of death.
You do not drink.


Message History

Press: ? - help, Shift-Dir - straight line, f - killer bee, p - killer bee
Aim: a killer bee (almost dead, blind, 43% to hit)
The bolt of light misses the killer bee.
The bolt of light hits the killer bee!
You kill the killer bee!
The killer bee stings you.
* * * LOW HITPOINT WARNING * * *
The killer bee barely misses you. x2; The killer bee stings you.
* * * LOW HITPOINT WARNING * * *
The killer bee stings you but does no damage.
The killer bee stings you.
* * * LOW HITPOINT WARNING * * *
Aiming: Bolt of Light
Press: ? - help, Shift-Dir - straight line, f - killer bee
Aim: a killer bee (43% to hit)
The bolt of light misses the killer bee.
The killer bee closely misses you. x2; The killer bee stings you.
* * * LOW HITPOINT WARNING * * *
The killer bee closely misses you. x2; The killer bee barely misses you.
Aiming: Bolt of Light
Press: ? - help, Shift-Dir - straight line, f/p - killer bee
Aim: a killer bee (43% to hit)
The bolt of light hits the killer bee!
The killer bee is almost dead.
The killer bee is blinded.
The now-empty wand crumbles to dust.
The killer bee stings you but does no damage.
The killer bee closely misses you. The killer bee barely misses you.
The killer bee closely misses you. The killer bee barely misses you.
The killer bee closely misses you.
As you read the scroll of fear, it crumbles to dust.
You assume a fearsome visage.
The killer bee looks frightened! x3
The killer bee closely misses you.
The killer bee buzzes angrily.
The killer bee misses you.
There is an open door here.
You barely miss the killer bee.
Your attack snaps the killer bee out of its fear.
The killer bee is almost dead.
The killer bee barely misses you. The killer bee stings you!
You die...

*,,......#,,...,,,#.....#,
*,,,,..†.*,*#.#*,,#.....#+
*****##'#####.#####.......
#......#.....#.......
#†.....#.....#.......
#......+.....#.......
#......#.....'....... ###
#..y.###..##+#....... ..#
#####@###'##....#####+ ..#
#..........#....#,,,+, ..#
#..........#....#,,,*, ..#
################....#,***+
..######................####,***,
####....................#,,,,,,,,
#..+.....<..............#,,,,,,,,
#..#....................#**,,**,,
##'#....#'##.......#########*****


You could see a killer bee (blind).

Vanquished Creatures
  Duvessa (D:4)
  A sky beast (D:7)
  3 killer bees (D:7)
  An iguana (D:4)
  4 adders
  A shadow imp (D:7)
  3 worms (D:2)
  2 dart slugs
  5 orcs (D:4)
  5 endoplasms
  4 giant cockroaches
  10 goblins
  6 hobgoblins
  9 kobolds
  2 quokkas
  5 ball pythons
  7 bats
  5 frilled lizards
  6 rats
  A butterfly (D:4)
81 creatures vanquished.

Vanquished Creatures (others)
  A butterfly (D:3)
1 creature vanquished.

Grand Total: 82 creatures vanquished

Notes
Turn   | Place    | Note
-------+----------+-------------------------------------------
     0 | D:1      | concernfroge the Mummy Monk began the quest for the Orb.
     0 | D:1      | Reached XP level 1. HP: 18/18 MP: 1/1
   309 | D:1      | Reached XP level 2. HP: 22/24 MP: 2/2
   540 | D:1      | Found a faded altar of an unknown god.
   742 | D:1      | Reached skill level 4 in Fighting
  1202 | D:2      | Gained mutation: You are in touch with the powers of death.
                  | [Mummy growth]
  1202 | D:2      | Reached XP level 3. HP: 4/30 MP: 3/3
  2280 | D:2      | Reached XP level 4. HP: 31/38 MP: 4/4
  2437 | D:2      | Reached skill level 5 in Fighting
  3348 | D:3      | Found a broken altar of Ashenzari.
  3357 | D:3      | Found an ancient bone altar of Kikubaaqudgha.
  3477 | D:4      | Reached XP level 5. HP: 46/46 MP: 5/5
  3480 | D:4      | Noticed Duvessa
  3488 | D:4      | Noticed Dowan
  3491 | D:4      | Killed Duvessa
  3492 | D:4      | Reached skill level 6 in Fighting
  3571 | D:4      | You fall into a shaft and drop 3 floors!
  3604 | D:7      | Noticed a sky beast
  3930 | D:7      | Killed a sky beast
  3931 | D:7      | Reached skill level 7 in Fighting
  3931 | D:7      | Reached XP level 6. HP: 46/55 MP: 6/6
  4168 | D:7      | Slain by a killer bee

Illustrated notes

Levels and vault maps discovered:
D:1:      wander_arrival_estate, layout_loops_corners,
          ebering_ecumenical_altar_ruins
D:2:      layout_basic, minmay_split_cup_small
D:3:      layout_rooms, nicolae_elyvilon_peaceful_grove,
          mainiacjoe_overflow_swirl
D:4:      layout_rooms, minmay_temple_entry_butterflies, uniq_duvessa
D:7:      layout_gridville, uniq_prince_ribbit1

Skill      XL: |  1  2  3  4  5 |
---------------+----------------+-----
Fighting       | 4 5 7 |  7.8
Polearms       | |  2.4
Dodging        | |  2.4
Stealth        | |  1.5

Action                   |  1- 3 |  4- 6 || total
-------------------------+-------+-------++-------
Melee: Spear             |   215 |    91 ||   306
       Punch             |     1 |     1 ||     2
       Whip              |       |    26 ||    26
Throw: Dart              |     2 |    10 ||    12
       Javelin           |       |     4 ||     4
Evoke: Wand              |       |    10 ||    10
  Use: Scroll            |     1 |    11 ||    12
 Stab: Invisible         |       |     2 ||     2
Armor: Chain mail        |    74 |    42 ||   116
       Robe              |     4 |       ||     4
Dodge: Dodged            |    60 |   111 ||   171

Table legend: (Time is in decaauts)
 A = Elapsed time spent in this place.
 B = Non-inter-level travel time spent in this place.
 C = Inter-level travel time spent in this place.
 D = Time resting spent in this place.
 E = Time spent auto-exploring this place.
 F = Levels seen in this place.
 G = Mean time per level.
                   A        B        C        D        E       F      G
               +--------+--------+--------+--------+--------+-----+--------+
         Total |   4165 |   3990 |    175 |    508 |   2825 |   5 |  833.0 |
       Dungeon |   4165 |   3990 |    175 |    508 |   2825 |   5 |  833.0 |
               +--------+--------+--------+--------+--------+-----+--------+

Top non-repeatable levels by time:
     D:2: 1399 daAuts
     D:1: 1384 daAuts
     D:3: 652 daAuts
     D:7: 599 daAuts
     D:4: 129 daAuts
